[Event "DFMMLV 2017"]
[Site "Braunfels"]
[Date "2017.06.15"]
[Round "1"]
[White "Grund, Melanie"]
[Black "Rempel, Yana"]
[Result "1/2-1/2"]
[ECO "A40"]
[WhiteElo "1757"]
[BlackElo "2059"]
[Annotator "NA RC"]
[PlyCount "119"]
[EventDate "2017.??.??"]
[EventType "team-tourn"]
[EventCountry "GER"]
[SourceTitle "playchess.com"]
[Source "ChessBase"]
[SourceQuality "1"]
[TimeControl "40/5400+30:1800+30"]

1. d4 g6 2. Nf3 Bg7 3. e3 f5 {[%emt 0:00:58] A40: Unusual replies to 1 d4} (3... d6 4. c4 e5 5. Nc3 Ne7 6. dxe5 dxe5 7. Qxd8+ Kxd8 8. Ng5 Ke8 9. h4 h6 10. Nf3 Na6 11. Nd2 Nb4 12. Ke2 {0-1 (52) Xu,Y (2516)-Lu,S (2607) Shenzhen 2016}) 4. Be2 Nf6 5. c4 O-O 6. Nbd2 e6 7. O-O b6 $146 ({Predecessor:} 7... Qe7 8. c5 c6 9. Nc4 d5 10. cxd6 Qf7 11. Nce5 Qe8 {1-0 (32) Morales Rosales,J-Gomez Osorio,J Benalmadena 1999}) 8. Ne5 Bb7 9. Bf3 d5 10. cxd5 exd5 11. Be2 c5 12. b3 Ne4 13. Bb2 Nd7 14. Nxd7 Qxd7 15. Nxe4 fxe4 16. Qd2 Rac8 17. dxc5 bxc5 18. Bxg7 Qxg7 19. Rfd1 Qe5 20. Bf1 (20. f4 $5 exf3 21. Bxf3 $11) 20... Rf6 21. Rac1 Qe7 ({Black should play} 21... Rcf8 $1 $15 22. Rxc5 Rxf2 23. Qxf2 Rxf2 24. Kxf2 Qb2+ 25. Kg1 Qxa2) 22. Rc2 Rd8 23. Qc3 Rc6 24. Qb2 (24. Rcd2 $5 Rcc8 25. Be2 $11) 24... Qg7 (24... Rc7 $11) 25. Qxg7+ Kxg7 26. Rcd2 Rc7 27. Bb5 Kf6 28. f3 Ke5 29. f4+ Kf5 30. g3 g5 31. Kf2 gxf4 32. gxf4 d4 33. exd4 Kxf4 34. Ke2 cxd4 35. Rxd4 Rc2+ 36. R4d2 Rcxd2+ 37. Rxd2 Rxd2+ 38. Kxd2 Kf3 39. Ke1 h5 $2 (39... Ke3 $17) 40. Be2+ Kg2 41. Bxh5 Kxh2 42. Kf2 a5 43. Ke3 Bd5 44. Bd1 Kg3 45. Bc2 a4 46. bxa4 Bxa2 47. Bxe4 Be6 48. a5 Bc8 49. Ba8 Ba6 50. Ke4 Bf1 51. Ke5 Be2 52. Bb7 Bf1 53. Ke6 (53. Kd4 $142 Kf4 54. Bc6 Kf5 55. Bd5 Ba6 56. Bc4 Bc8 57. Kc5 Ke4 58. Bb5) 53... Kf4 54. Kf6 Bc4 55. Ke7 $2 (55. Bg2 $18 {has better winning chances.} Kg3 56. Be4) 55... Ke5 56. Kd7 $16 Bf1 57. Kc7 Be2 58. Bc6 Bf1 59. Kb6 Kd6 60. Bb5 1/2-1/2

[Event "DFMMLV 2017"]
[Site "Braunfels"]
[Date "2017.06.15"]
[Round "1"]
[White "Landenberger, Anja Kathrin"]
[Black "Zabarska, Natalia"]
[Result "1-0"]
[ECO "A80"]
[WhiteElo "1544"]
[BlackElo "1825"]
[Annotator "NA"]
[PlyCount "71"]
[EventDate "2017.??.??"]
[EventType "team-tourn"]
[EventCountry "GER"]
[SourceTitle "playchess.com"]
[Source "ChessBase"]
[SourceQuality "1"]
[TimeControl "40/5400+30:1800+30"]

1. d4 f5 2. Nf3 Nf6 3. Bf4 e6 4. e3 d5 5. Ne5 Be7 6. Nd2 O-O 7. Be2 Bd7 8. O-O Be8 9. c4 c6 10. Qb3 Nbd7 11. cxd5 exd5 12. Qxb7 Rb8 13. Qa6 Rxb2 $18 (13... Nxe5 $14 14. Bxe5 (14. dxe5 Nd7 $11) 14... Rxb2) 14. Nxc6 Nb8 15. Nxb8 Rxd2 16. Bb5 Bxb5 17. Qxb5 Bd6 18. Nc6 Qd7 19. Bxd6 Qxd6 20. Ne5 Rb8 21. Qa5 Rbb2 22. Qxa7 h6 23. Qf7+ Kh7 24. Qg6+ Kg8 25. Nf7 Qc7 26. Nxh6+ Kf8 27. Rac1 Rdc2 28. Rxc2 Rxc2 29. Nxf5 Ne4 30. Ng3 Rc1 31. Qf5+ Ke8 32. Qe5+ Qxe5 33. dxe5 Rc2 34. Nxe4 dxe4 35. Ra1 Ke7 36. a4 1-0

[Event "DFMMLV 2017"]
[Site "Braunfels"]
[Date "2017.06.15"]
[Round "1"]
[White "Brender, Biserka"]
[Black "Bethge, Johanna"]
[Result "0-1"]
[ECO "D04"]
[WhiteElo "1231"]
[BlackElo "1668"]
[Annotator "NA RC"]
[PlyCount "132"]
[EventDate "2017.??.??"]
[EventType "team-tourn"]
[EventCountry "GER"]
[SourceTitle "playchess.com"]
[Source "ChessBase"]
[SourceQuality "1"]
[TimeControl "40/5400+30:1800+30"]

1. d4 d5 2. Nf3 Nf6 3. e3 Nbd7 4. c4 e6 5. a3 c5 6. Nc3 Nb6 7. cxd5 Nbxd5 8. Bb5+ Bd7 9. Bxd7+ Qxd7 10. Ne5 Nxc3 11. bxc3 Qb5 12. c4 Qa6 13. O-O Be7 14. Qb3 O-O 15. a4 Rfd8 16. Ba3 Rac8 17. Rfd1 g6 18. Rab1 b6 19. dxc5 Rxd1+ 20. Rxd1 Bxc5 21. Bxc5 Rxc5 22. Rd8+ Kg7 23. f4 Qa5 24. Rd1 Rc7 25. h3 Ne4 26. Kh2 Qc3 27. Qxc3 Nxc3 28. Ra1 f6 29. Nf3 Rxc4 30. a5 Rc7 31. axb6 axb6 32. Ra6 Rb7 33. Nd4 Kf7 34. g4 Nd5 35. Nb5 Ke7 36. Na7 Kd7 37. e4 Nxf4 38. Kg3 Nd3 39. Ra3 Nc5 40. Kf3 e5 41. Nb5 Ke7 42. h4 Rd7 43. Ke2 Nxe4 44. Kf3 Nd6 45. Na7 Rc7 46. Ra2 Kd7 47. Ke2 b5 48. Ra5 Rb7 49. Ra6 b4 50. Nc6 Nc8 51. Na5 Ra7 52. Rxa7+ Nxa7 53. Kd3 Nc6 54. Nb3 Kd6 55. Ke4 Ne7 56. Na5 f5+ 57. gxf5 gxf5+ 58. Kd3 Kd5 59. Nb3 f4 60. Nd2 Nf5 61. h5 Ng3 62. h6 e4+ 63. Kc2 Nf5 64. Kb3 e3 65. Nf3 Nd4+ 66. Nxd4 Kxd4 0-1